 Dungeon Crawl Stone Soup version 0.19.5 (webtiles) character file.

80 Gargoyl the Skirmisher (level 4, -6/40 HPs)
             Began as a Ghoul Abyssal Knight on Apr 30, 2017.
             Was a Follower of Lugonu.
             Killed by divine providence
             ... invoked by an orc priest
              (9 damage)
             ... on level 3 of the Dungeon.
             The game lasted 00:04:21 (2054 turns).

Gargoyl the Skirmisher (Ghoul Abyssal Knight)       Turns: 2054, Time: 00:04:22

Health: -6/40      AC: 10    Str: 15    XL:     4   Next: 39%
Magic:  4/4        EV:  9    Int:  7    God:    Lugonu [*.....]
Gold:   185        SH:  0    Dex:  9    Spells: 0 memorised, 3 levels left

rFire  . . .     SeeInvis .     a - +1 hand axe
rCold  + . .     Gourm    .     d - +1 scale mail
rNeg   + + +     Faith    .     (no shield)
rPois  ∞         Spirit   .     (no helmet)
rElec  .         Reflect  .     (no cloak)
rCorr  .         Harm     .     (no gloves)
MR     .....                    g - +2 pair of boots
Stlth  ..........               (no amulet)
                                (no ring)
                                (no ring)

@: very slightly contaminated, rotting, invisible
A: rotting body, claws 1, carnivore 3, cold resistance 1, negative energy
resistance 3, slow regeneration 1, torment resistance, unbreathing
a: Depart the Abyss, Renounce Religion


You were on level 3 of the Dungeon.
You worshipped Lugonu.
Lugonu was aware of your devotion.
You were not hungry.

You visited 1 branch of the dungeon, and saw 3 of its levels.
You visited the Abyss 1 time.

You collected 185 gold pieces.

Inventory:

Hand Weapons
 a - a +1 hand axe (weapon)
Armour
 b - a +0 leather armour
 d - a +1 scale mail (worn)
 g - a +2 pair of boots (worn)
Scrolls
 f - a scroll of magic mapping
 h - a scroll of fog
 i - a scroll of noise {unknown}
 j - 2 scrolls of identify
 k - 2 scrolls of enchant weapon {unknown}
 m - a scroll of remove curse {unknown}
 p - a scroll of fear {unknown}
Potions
 e - a potion of invisibility
Comestibles
 c - a meat ration
 o - 2 beef jerkies


   Skills:
 + Level 3.7 Fighting
 + Level 2.6 Axes
 * Level 2.6 Armour
 + Level 1.2 Dodging
 * Level 2.5 Invocations


You had 3 spell levels left.
You didn't know any spells.

Dungeon Overview and Level Annotations

Branches:
Dungeon (3/15)

Altars:


Innate Abilities, Weirdness & Mutations

Your body is rotting away.
You thrive on raw meat.
You are immune to poison.
You have sharp fingernails.
You are carnivorous and can eat meat at any time.
Your flesh is cold resistant. (rC+)
You are immune to negative energy. (rN+++)
You regenerate slowly when monsters are visible.
You are immune to unholy pain and torment.
You can survive without breathing.


Message History

The orc priest hits you.
* * * LOW HITPOINT WARNING * * *
You hit the orc priest but do no damage.
The orc priest is almost dead.
The orc priest barely misses you.
You barely miss the orc priest.
The orc priest is almost dead.
The orc priest barely misses you.
The orc priest hits you but does no damage.
You hit the orc priest but do no damage.
The orc priest is almost dead.
The orc priest barely misses you.
You barely miss the orc priest.
The orc priest is almost dead.
The orc priest barely misses you.
You closely miss the orc priest.
The orc priest is almost dead.
The orc priest calls down the wrath of Beogh upon you.
Beogh smites you!
You die...

.## ..# ########.#
#......#.# #.#....#.#
#.####.##.###.#######
#....).........<.....
.######@#.####.#########
......o.#.##...........#
.########.##.#.#######.#
..##.#.#######.#
............##.#
#####.#.........#
.........####
##.######..... ######


You could see an orc priest.

Vanquished Creatures
  2 adders (D:2)
  A worm (D:2)
  4 dart slugs
  4 orcs (D:3)
  2 giant cockroaches
  2 goblins
  4 hobgoblins
  7 jackals
  3 kobolds
  4 bats
  4 frilled lizards
  8 rats (D:2)
45 creatures vanquished.

Vanquished Creatures (others)
  A bat (D:2)
1 creature vanquished.

Grand Total: 46 creatures vanquished

Notes
Turn   | Place    | Note
-------+----------+-------------------------------------------
     0 | Abyss:1  | Gargoyl the Ghoul Abyssal Knight began the quest for the Orb.
     0 | Abyss:1  | Reached XP level 1. HP: 19/19 MP: 1/1
    56 | Abyss:1  | Found a corrupted altar of Lugonu.
   136 | Abyss:1  | Found a corrupted altar of Lugonu.
   139 | Abyss:1  | Found a corrupted altar of Lugonu.
   187 | Abyss:1  | Found a corrupted altar of Lugonu.
   189 | Abyss:1  | Found a corrupted altar of Lugonu.
   304 | Abyss:1  | Noticed a starcursed mass
   304 | D:1      | Escaped the Abyss
   402 | D:1      | Reached skill level 1 in Dodging
   417 | D:1      | Reached * piety under Lugonu
   417 | D:1      | Reached XP level 2. HP: 13/25 MP: 2/2
  1276 | D:2      | Reached XP level 3. HP: 33/33 MP: 3/3
  1742 | D:2      | Reached XP level 4. HP: 35/40 MP: 4/4
  2054 | D:3      | Killed from afar by an orc priest

Skill      XL: |  1  2 |
---------------+-------+-----
Dodging        | 1 |  1.2
Armour         | 2 |  2.6
Axes           | 2 |  2.6
Fighting       | |  3.7
Invocations    | |  2.5

Action                   |  1- 3 |  4- 6 || total
-------------------------+-------+-------++-------
Melee: Hand axe          |   114 |    52 ||   166
Invok: Depart the Abyss  |     1 |       ||     1
  Use: Scroll            |    10 |       ||    10
       Potion            |       |     2 ||     2
 Stab: Invisible         |       |     1 ||     1
  Eat: Chunk             |    21 |     2 ||    23
Armor: Scale mail        |    91 |    50 ||   141
Dodge: Dodged            |    71 |    56 ||   127
